 Dungeon Crawl Stone Soup version 0.30.0-5-g1a98f26d00 (webtiles) character file.

Game seed: 10820569609008928508

3838 Monkooky the Martial Artist (level 9, 0/72 HPs)
             Began as a Demonspawn Delver on May 12, 2023.
             Was a Follower of Qazlal.
             Killed from afar by an acid dragon (15 damage)
             ... with a splash of acid
             ... on level 9 of the Dungeon.
             The game lasted 00:16:52 (9172 turns).

Monkooky the Martial Artist (Demonspawn Delver)     Turns: 9172, Time: 00:16:53

Health: 0/72       AC:  6    Str: 16    XL:     9   Next: 98%
Magic:  12/12      EV: 11    Int: 14    God:    Qazlal [*.....]
Gold:   320        SH:  2    Dex: 15    Spells: 5/12 levels left

rFire   . .          .
                       - Unarmed
rCold   . . .        (no shield)
rNeg    . . .        t - +0 ring mail
rPois   .            (no helmet)
rElec   .            w - +2 cloak of the Evening {Str+2}
rCorr   .            (gloves unavailable)
SInv    .            (no boots)
Will    .....        j - amulet of faith
Stlth   ++           n - ring of wizardry
HPRegen 0.32/turn    (no ring)
MPRegen 0.13/turn

%: faith, wizardry (x1)
@: corroded
A: claws 3, icy blue scales 1, foul stench 2
a: Renounce Religion


You were on level 9 of the Dungeon.
You worshipped Qazlal.
Qazlal was aware of your devotion.
You visited 2 branches of the dungeon, and saw 10 of its levels.

You collected 440 gold pieces.
You spent 120 gold pieces at shops.

Inventory:

Hand Weapons
 a - a +0 mace
 i - a +0 quarterstaff
Missiles
 B - a curare-tipped dart
Armour
 t - a +0 ring mail (worn)
 w - the +2 cloak of the Evening (worn) {Str+2}
   (You found it on level 5 of the Dungeon)

   Str:       It affects your strength (+2).
Jewellery
 j - an amulet of faith (around neck)
 n - a ring of wizardry (left claw)
 J - a ring of willpower
Wands
 g - a wand of digging (3)
 h - a wand of light (30)
 k - a wand of mindburst (15)
 H - a wand of charming (8)
Scrolls
 b - 2 scrolls of identify
 c - 3 scrolls of fog
 d - 3 scrolls of magic mapping
 e - 3 scrolls of fear
 m - 2 scrolls of teleportation
 p - a scroll of silence
 q - a scroll of torment
 y - 2 scrolls of enchant weapon
 D - a scroll of acquirement {unknown}
 F - a scroll of amnesia {unknown}
Potions
 f - 3 potions of haste
 l - 3 potions of flight {unknown}
 o - 3 potions of heal wounds
 r - 5 potions of curing
 s - 4 potions of mutation
 u - 3 potions of might
 v - 2 potions of lignification
 x - 3 potions of ambrosia
 z - 2 potions of berserk rage {unknown}
 A - 2 potions of magic
 C - a potion of brilliance {unknown}
 E - a potion of cancellation {unknown}
 G - a potion of attraction {unknown}
 I - a potion of invisibility {unknown}


   Skills:
 * Level 7.3 Fighting
 - Level 1.7 Maces & Flails
 + Level 1.9 Armour
 + Level 2.8 Dodging
 - Level 4.5 Stealth
 + Level 9.4 Unarmed Combat
 - Level 2.2 Spellcasting
 - Level 3.6 Conjurations
 - Level 1.7 Transmutations
 - Level 2.2 Air Magic
 - Level 2.1 Evocations


You had 5 spell levels left.
You knew the following spells:

 Your Spells              Type           Power      Damage    Failure   Level
a - Shock                 Conj/Air       36%        1d5       5%          1
b - Sticky Flame          Conj/Fire      6%         2d3       58%         4
c - Wereblood             Tmut           6%         N/A       13%         2

Your spell library contained the following spells:

 Spells                   Type           Power      Damage    Failure   Level
 Sandblast                Erth           2%         2d4       17%         1
 Cigotuvi's Dreadful Rot  Necr/Pois/Air  6%         N/A       19%         2
 Passwall                 Tmut/Erth      2%         N/A       19%         2
 Swiftness                Air            7%         N/A       21%         3
 Stone Arrow              Conj/Erth      12%        3d7       24%         3
 Sublimation of Blood     Necr           1%         N/A       26%         2
 Ignite Poison            Fire/Tmut/Pois 3%         N/A       38%         3
 Inner Flame              Hex/Fire       1%         N/A       45%         3
 Airstrike                Air            3%         2d(1-17)  52%         4
 Flame Wave               Conj/Fire      6%         2d5       58%         4
 Freezing Cloud           Conj/Ice/Air   3%         6-21      88%         5
 Conjure Ball Lightning   Conj/Air       4%         3x3d6     100%        6
 Summon Hydra             Summ           0%         N/A       100%        7
 Discord                  Hex            0%         N/A       100%        8
 Disjunction              Tloc           0%         N/A       100%        8
 Ignition                 Fire           0%         3d3       100%        8


Dungeon Overview and Level Annotations

Branches:
Dungeon (9/15)             Temple (1/1) D:7
   Lair: D:8-11         Orc: D:9-12

Altars:
Ashenzari
Cheibriados
Dithmenos
Fedhas
Gozag
Hepliaklqana
Kikubaaqudgha
Makhleb
Nemelex Xobeh
Okawaru
Qazlal
Ru
Sif Muna
Trog
Wu Jian
Xom
Yredelemnul

Shops:
D:3 !


Innate Abilities, Weirdness & Mutations

You have claws for hands.
You are partially covered in icy blue scales. (AC +2)
You sometimes emit foul miasma when damaged in melee.


Message History

The splash of acid hits you! The acid dragon bites you!
The acid dragon claws you but does no damage.
You scratch the acid dragon but do no damage.
The acid dragon bites you!
The acid dragon claws you but does no damage.
You are too injured to fight recklessly!
You are too injured to fight recklessly!
Aiming: Mindburst
Press: ? - help, Shift-Dir - straight line, f - acid dragon
Aim: an acid dragon (chance to affect: 73%)
The acid dragon's mind is blasted!!
The acid dragon spits acid at you. The splash of acid hits you!!
* * * LOW HITPOINT WARNING * * *
The acid corrodes you!
You hear an angry hiss.
Aiming: Bolt of Light
Press: ? - help, Shift-Dir - straight line, f/p - acid dragon
Aim: an acid dragon (severely wounded, catching its breath, 71% to hit)
Okay, then.
Aiming: Mindburst
Press: ? - help, Shift-Dir - straight line, f/p - acid dragon
Aim: an acid dragon (severely wounded, catching its breath, chance to affect: 73%)
The acid dragon struggles to resist.
The acid dragon barely misses you. The acid dragon closely misses you.
Unknown command.
Aiming: Mindburst
Press: ? - help, Shift-Dir - straight line, f/p - acid dragon
Aim: an acid dragon (severely wounded, catching its breath, chance to affect: 73%)
The acid dragon struggles to resist.
The acid dragon closely misses you.
The acid dragon claws you but does no damage.
Unknown command.
Aiming: Mindburst
Press: ? - help, Shift-Dir - straight line, f/p - acid dragon
Aim: an acid dragon (severely wounded, chance to affect: 73%)
The acid dragon struggles to resist.
The acid dragon spits acid at you. The splash of acid hits you!
You die...

### #.. #.# #.# #.# #.#
#..###################.#
#.....D@..............^#
......########...#######
........+ #..........
........# #..........
#......# #..........
#......# #......####
#......+ #.......#8.
#......########.....##...
#...................#8...


You could see an acid dragon (catching breath).

Vanquished Creatures
  Sigmund (D:4)
  A vampire (D:7)
  A steam dragon (D:8)
  3 water moccasins
  3 orc warriors
  2 ice beasts
  3 black bears
  A sky beast (D:8)
  4 ogres
  2 centaurs (D:6)
  2 phantoms
  A kobold brigand (D:6)
  3 bullfrogs
  A scorpion (D:5)
  A gnoll sergeant (D:7)
  7 wights
  A killer bee (D:7)
  A howler monkey (D:8)
  5 orc priests
  5 hounds
  3 sleepcaps
  4 iguanas
  Jessica (D:3)
  3 orc wizards
  6 gnolls
  4 adders
  2 white imps
  An ufetubus (D:5)
  A worm (D:2)
  20 orcs
  3 bats
  5 endoplasms
  3 giant cockroaches
  5 hobgoblins
  4 quokkas
  5 ball pythons
  4 frilled lizards
  9 goblins
  9 kobolds
  3 rats
143 creatures vanquished.

Notes
Turn   | Place    | Note
-------+----------+-------------------------------------------
     0 | D:5      | Monkooky the Demonspawn Delver began the quest for the Orb.
     0 | D:5      | Reached XP level 1. HP: 18/18 MP: 1/1
    16 | D:4      | Noticed a sleepcap
   144 | D:3      | Reached skill level 1 in Evocations
   195 | D:3      | Gained mutation: You may rarely emit foul miasma when
                  | damaged in melee. [demonic ancestry]
   195 | D:3      | Reached XP level 2. HP: 22/24 MP: 2/2
   548 | D:1      | Learned a level 1 spell: Shock
   941 | D:1      | Gained mutation: You are partially covered in icy blue
                  | scales. (AC +2) [demonic ancestry]
   941 | D:1      | Reached XP level 3. HP: 28/29 MP: 3/3
  1263 | D:2      | Reached skill level 1 in Conjurations
  1623 | D:2      | Found a faded altar of an unknown god.
  1714 | D:3      | Found Baleak's Distillery.
  1718 | D:3      | Bought a potion of heal wounds for 50 gold pieces
  1718 | D:3      | Bought a potion of curing for 30 gold pieces
  1718 | D:3      | Bought a potion of degeneration for 10 gold pieces
  1718 | D:3      | Bought a potion of lignification for 30 gold pieces
  2431 | D:3      | Noticed Jessica
  2433 | D:3      | Killed Jessica
  2434 | D:3      | Reached skill level 1 in Spellcasting
  2434 | D:3      | Reached skill level 1 in Air Magic
  2434 | D:3      | Reached XP level 4. HP: 21/35 MP: 5/5
  2498 | D:3      | Learned a level 4 spell: Sticky Flame
  2717 | D:4      | Noticed an ogre
  3003 | D:4      | Noticed Sigmund
  3023 | D:4      | Killed Sigmund
  3024 | D:4      | Gained mutation: You have sharp fingernails. [demonic
                  | ancestry]
  3024 | D:4      | Reached XP level 5. HP: 41/41 MP: 1/8
  3024 | D:4      | Gained mutation: You have very sharp fingernails. [demonic
                  | ancestry]
  3024 | D:4      | Reached XP level 6. HP: 47/47 MP: 1/9
  3092 | D:4      | Found a snail-covered altar of Cheibriados.
  3162 | D:4      | Reached skill level 1 in Unarmed Combat
  3341 | D:4      | Reached skill level 2 in Unarmed Combat
  3577 | D:4      | Reached skill level 3 in Unarmed Combat
  3882 | D:4      | Reached skill level 4 in Unarmed Combat
  3882 | D:4      | Gained mutation: You sometimes emit foul miasma when
                  | damaged in melee. [demonic ancestry]
  3882 | D:4      | Reached XP level 7. HP: 35/52 MP: 5/10
  4138 | D:5      | Identified the +2 cloak of the Evening {Str+2}
  4184 | D:5      | Reached skill level 5 in Unarmed Combat
  4504 | D:5      | Reached skill level 6 in Unarmed Combat
  4651 | D:5      | Found an iron altar of Okawaru.
  4718 | D:5      | Gained mutation: You have claws for hands. [demonic
                  | ancestry]
  4718 | D:5      | Reached XP level 8. HP: 49/58 MP: 7/11
  5182 | D:5      | Reached skill level 7 in Unarmed Combat
  5698 | D:6      | Reached skill level 8 in Unarmed Combat
  6033 | D:6      | Reached skill level 9 in Unarmed Combat
  6052 | D:6      | Reached XP level 9. HP: 63/63 MP: 12/12
  6230 | D:7      | Found a staircase to the Ecumenical Temple.
  6247 | Temple   | Entered the Ecumenical Temple
  6433 | Temple   | Became a worshipper of Qazlal Stormbringer
  6752 | D:7      | Reached skill level 5 in Fighting
  6886 | D:7      | Identified the staff of poison "Caufosch" {Fly rPois Will-
                  | Str+6}
  7153 | D:7      | Learned a level 2 spell: Wereblood
  7201 | D:7      | Found an opulent altar of Gozag.
  7204 | D:7      | Found a bloodstained altar of Trog.
  7318 | D:7      | Reached skill level 1 in Transmutations
  7322 | D:7      | Reached * piety under Qazlal
  7379 | D:7      | Found a burning altar of Makhleb.
  7386 | D:7      | Found a shadowy altar of Dithmenos.
  7450 | D:7      | Found a broken altar of Ashenzari.
  7897 | D:8      | Reached skill level 1 in Armour
  8807 | D:9      | HP: 1/72 [orc warrior/+0 flail (13)]
  9172 | D:9      | Killed from afar by an acid dragon

Illustrated notes

Levels and vault maps discovered:
D:1:      psy_arrival_heroes, layout_basic, serial_glass, glass_columns_b,
          glass_columns_b, glass_columns_a, glass_columns_a, glass_columns_a,
          glass_columns_a, glass_columns_b, glass_columns_a
D:2:      layout_rooms, hellmonk_ecumenical_altar_inner_sanctum
D:3:      minmay_recursive_quarters, layout_basic, serial_shops, shop,
          serial_bayou_lake_a, uniq_jessica
D:4:      layout_basic, zin_statuary, mainiacjoe_overflow_paths,
          hangedman_abyss_or_decor_lesser_grid, uniq_sigmund
D:5:      layout_loops_ring, okawaru_metal_pillars_3
D:6:      layout_cave_pools
D:7:      layout_basic, nicolae_overflow_hidden_temple,
          minmay_temple_entry_purple_smoke, serial_glass, glass_columns_b,
          glass_columns_a, minmay_fractal_squares_diagonal_5
D:8:      layout_gridville, lemuel_tele_altar
D:9:      hellmonk_crumbling_castle, layout_irregular_city, corner_web_ring
Temple:   chequers_temple_sunken

Skill      XL: |  1  2  3  4  5  6  7  8  9 |
---------------+----------------------------+-----
Evocations     | 1 2 |  2.1
Conjurations   | 1 3 |  3.6
Spellcasting   | 1 2 |  2.2
Air Magic      | 1 2 |  2.2
Unarmed Combat | 4 6 9 |  9.4
Fighting       | 7 |  7.3
Transmutations | 1 |  1.7
Dodging        | 2 |  2.8
Armour         | 1 |  1.9
Maces & Flails | |  1.7
Stealth        | |  4.5

Action                     |  1- 3 |  4- 6 |  7- 9 || total
---------------------------+-------+-------+-------++-------
  Melee: Mace              |   122 |       |       ||   122
         Quarterstaff      |       |    18 |       ||    18
         Unarmed           |       |    42 |   304 ||   346
         Punch             |       |     1 |     9 ||    10
   Cast: Shock             |    23 |    61 |    41 ||   125
  Evoke: Wand              |     1 |       |    12 ||    13
    Use: Scroll            |     3 |     3 |     6 ||    12
         Potion            |       |     1 |     3 ||     4
   Stab: Sleeping          |     4 |       |     2 ||     6
 Armour: Leather armour    |    38 |     7 |    19 ||    64
         Skin              |       |     6 |       ||     6
         Ring mail         |       |       |   107 ||   107
  Dodge: Dodged            |    89 |    29 |   151 ||   269
  Block: Other             |       |       |     2 ||     2
